 Dungeon Crawl Stone Soup version 0.25-a0-399-gcf1075a (webtiles) character file.

Game seed: 3804775975264785856, levelgen mode: deterministic

1092 Birdy the Sneak (level 8, -6/61 HPs)
             Began as a Centaur Assassin on Jan 8, 2020.
             Mangled by a red ugly thing (22 damage)
             ... on level 6 of the Dungeon.
             The game lasted 00:10:24 (6125 turns).

Birdy the Sneak (Centaur Assassin)                  Turns: 6125, Time: 00:10:24

Health: -6/61      AC:  9    Str: 15      XL:     8   Next: 9%
Magic:  8/8        EV:  9    Int:  8      God:
Gold:   254        SH:  0    Dex: 11 (12) Spells: 7/7 levels left

rFire    . . .     SeeInvis +   c - +1 dagger (venom)
rCold    . . .     Gourm    .   (no shield)
rNeg     . . .     Faith    .   b - +0 robe
rPois    .         Spirit   .   i - +1 helmet
rElec    .         Reflect  .   k - +2 cloak
rCorr    .         Harm     .   (no gloves)
MR       +....                  (no barding)
Stlth    +++.......             (no amulet)
HPRegen  0.20/turn              j - ring of protection from magic
MPRegen  0.11/turn              h - -2 ring of intelligence (curse)

@: very quick
A: large, hooves 3, see invisible, deformed body, speed 2, sense surroundings 1,
tough skin 3
a: no special abilities


You were on level 6 of the Dungeon.
You were not hungry.

You visited 1 branch of the dungeon, and saw 6 of its levels.

You collected 254 gold pieces.

Inventory:

Hand Weapons
 c - a +1 dagger of venom (weapon)
Missiles
 d - 17 poisoned darts
 e - 2 curare-tipped darts (quivered)
Armour
 b - a +0 robe (worn)
 i - a +1 helmet (worn)
 k - a +2 cloak (worn)
Jewellery
 h - a cursed -2 ring of intelligence (right hand)
 j - a ring of protection from magic (left hand)
Wands
 t - a wand of paralysis (5)
Scrolls
 l - 2 scrolls of enchant armour
 m - a scroll of blinking
 n - 3 scrolls of remove curse
 o - 2 scrolls of fog
 q - 3 scrolls of teleportation
 s - 2 scrolls of amnesia
 u - 2 scrolls of enchant weapon {unknown}
Potions
 a - a potion of curing
 g - 3 potions of flight
 p - a potion of heal wounds {unknown}
 r - a potion of lignification {unknown}
 v - a potion of ambrosia {unknown}
 w - 2 potions of mutation
 x - a potion of might {unknown}
Comestibles
 f - 8 rations


   Skills:
 - Level 2.0 Fighting
 - Level 5.0 Short Blades
 - Level 2.1 Throwing
 - Level 1.1 Armour
 - Level 0.6 Dodging
 + Level 5.9 Stealth


You had 7 spell levels left.
You didn't know any spells.
Your spell library was empty.

Dungeon Overview and Level Annotations

Branches:
Dungeon (6/15)
 Temple: D:4-7

Altars:
Elyvilon
Fedhas
Kikubaaqudgha
Nemelex Xobeh
Trog
Vehumet
The Shining One

Shops:
D:5 (

Annotations:
D:3 3 runed translucent doors, coconutsonar's ghost, amateur DsAK
D:6 Blork the orc


Innate Abilities, Weirdness & Mutations

You have hooves in place of feet.
Armour fits poorly on your strangely shaped body.
You cover ground very quickly.
You have extremely tough skin. (AC +3)
You have supernaturally acute eyesight. (SInv)
You passively map a small area around you.


Message History

You hit the red ugly thing but do no damage.
The red ugly thing looks as sick as possible!
You kick the red ugly thing!
The red ugly thing is lightly wounded.
The red ugly thing headbutts you!
You are engulfed in flames!
You hit the red ugly thing but do no damage.
The red ugly thing looks as sick as possible!
Your kick misses the red ugly thing.
The red ugly thing is lightly wounded.
The red ugly thing barely misses you.
You barely miss the red ugly thing. Your kick misses the red ugly thing.
The red ugly thing is lightly wounded.
Blork the orc casts a spell.
Blork the orc seems to speed up.
You barely miss the red ugly thing.
The red ugly thing is lightly wounded.
The red ugly thing headbutts you.
* * * LOW HITPOINT WARNING * * *
You are engulfed in flames!!
You die...

*#.... ..#.#* ......, #....
...# ###.....#* * #...# *
*#.##........## ##...#
##............ .##....#
#....#....#.. #
.......######.##..#..#)#...
,, *
#....##.####...#...#.., *
##.##....####o.a.......
#..####@##....u...#.a.#,
### #.## ##uo..##...#!# ..
#.## ##.# #5a####..#...#,
#..###..# ##.## #..Y.....,
#.#.....# ##..## #....#...#
##.##...####....#
#...#?#...
##.#....#......####..#...#.
#......(.................
#.##.............#,,,


You could see a red ugly thing, Blork the orc, a worker ant and a quasit.

Vanquished Creatures
  A phantom (D:4)
  A centaur (D:2)
  An ogre (D:4)
  A bullfrog (D:6)
  2 vampire bats (D:5)
  2 crimson imps (D:5)
  An orc priest (D:3)
  Crazy Yiuf (D:3)
  4 orc wizards
  A centaur skeleton (D:5)
  Jessica (D:3)
  Natasha (thrice) (D:3)
  2 worker ants
  A hound skeleton (D:4)
  A worker ant zombie (D:5)
  4 gnolls (D:2)
  7 adders
  A shadow imp (D:5)
  An ooze (D:2)
  An adder zombie (D:5)
  5 worms
  3 dart slugs (D:1)
  A leopard gecko (D:2)
  16 orcs
  17 bats
  9 giant cockroaches
  9 goblins
  5 hobgoblins
  11 jackals
  3 quokkas
  2 ball pythons (D:1)
  6 frilled lizards
  5 kobolds
  A quokka skeleton (D:5)
  4 rats
134 creatures vanquished.

Notes
Turn   | Place    | Note
-------+----------+-------------------------------------------
     0 | D:1      | Birdy the Centaur Assassin began the quest for the Orb.
     0 | D:1      | Reached XP level 1. HP: 17/17 MP: 1/1
   297 | D:1      | Reached XP level 2. HP: 23/24 MP: 2/2
   606 | D:1      | Reached XP level 3. HP: 24/29 MP: 3/3
  1025 | D:2      | Reached skill level 1 in Armour
  1193 | D:2      | Reached XP level 4. HP: 29/36 MP: 4/4
  1654 | D:2      | Noticed a centaur
  1916 | D:3      | Reached XP level 5. HP: 27/41 MP: 5/5
  2045 | D:3      | Noticed Jessica
  2059 | D:3      | Killed Jessica
  2096 | D:3      | Noticed Natasha
  2106 | D:3      | Killed Natasha
  2224 | D:3      | Found a runed translucent gate.
  2224 | D:3      | Found a runed translucent gate.
  2224 | D:3      | Found a runed translucent gate.
  2225 | D:3      | Noticed coconutsonar's ghost (amateur DsAK)
  2497 | D:2      | Found a radiant altar of Vehumet.
  2500 | D:2      | Found a sparkling altar of Nemelex Xobeh.
  2503 | D:2      | Found an ancient bone altar of Kikubaaqudgha.
  2597 | D:2      | Killed a centaur
  2597 | D:2      | Reached XP level 6. HP: 39/48 MP: 6/6
  2897 | D:2      | Gained mutation: You are weak. (Str -2) [potion of
                  | mutation]
  2897 | D:2      | Gained mutation: You passively map a small area around you.
                  | [potion of mutation]
  2897 | D:2      | Lost mutation: You are weak. (Str -2) [potion of mutation]
  2897 | D:2      | Gained mutation: You have supernaturally acute eyesight.
                  | (SInv) [potion of mutation]
  3222 | D:3      | Found a runed translucent door.
  3223 | D:3      | Noticed Crazy Yiuf
  3328 | D:3      | Killed Crazy Yiuf
  3328 | D:3      | Reached skill level 5 in Short Blades
  3708 | D:3      | Noticed Natasha
  3717 | D:3      | Killed Natasha
  3729 | D:3      | Noticed Natasha
  3740 | D:3      | Killed Natasha
  3868 | D:3      | Found a glowing golden altar of the Shining One.
  3943 | D:3      | Found a white marble altar of Elyvilon.
  3943 | D:3      | Found a bloodstained altar of Trog.
  4230 | D:4      | Reached XP level 7. HP: 27/55 MP: 7/7
  4659 | D:4      | Found a blossoming altar of Fedhas.
  5019 | D:5      | Entered Level 5 of the Dungeon
  5042 | D:5      | Reached skill level 5 in Stealth
  5181 | D:5      | Found Ipseimok's Weapon Boutique.
  5706 | D:5      | Reached XP level 8. HP: 47/61 MP: 8/8
  6095 | D:6      | Noticed Blork the orc
  6097 | D:6      | Noticed a red ugly thing
  6125 | D:6      | Mangled by a red ugly thing

Levels and vault maps discovered:
D:1:      mrwooster_arrival_arrow, layout_loops_ring
D:2:      layout_basic, grunt_temple_overflow_diamond, minmay_tromino_i2
D:3:      layout_basic, nicolae_overflow_hidden_temple,
          ebering_ghost_rock_garden, wad_floor_pattern_1,
          minmay_misc_feat_rugged, kennysheep_generic_room_15,
          uniq_crazy_yiuf_cottage, uniq_jessica, uniq_natasha
D:4:      layout_loops_ring, lemuel_doored_altar, first_ration
D:5:      layout_loops_ring, serial_shops, shop, chequers_big_river,
          corexii_corridor_pit, roderic_batcave
D:6:      cheibrodos_fzero, layout_layer_cave, uniq_blork_the_orc

Skill      XL: |  1  2  3  4  5  6  7 |
---------------+----------------------+-----
Short Blades   | 2 3 4 5 |  5.0
Armour         | 1 |  1.1
Stealth        | 3 4 5 |  5.9
Fighting       | |  2.0
Throwing       | |  2.1
Dodging        | |  0.6

Action                   |  1- 3 |  4- 6 |  7- 9 || total
-------------------------+-------+-------+-------++-------
Melee: Dagger            |   124 |   201 |   210 ||   535
       Kick              |    26 |    43 |    45 ||   114
Throw: Dart              |       |    19 |       ||    19
  Use: Scroll            |     6 |     4 |     2 ||    12
       Potion            |       |     3 |       ||     3
 Stab: Sleeping          |     2 |     6 |     2 ||    10
  Eat: Chunk             |       |     7 |     6 ||    13
Armor: Robe              |    59 |    73 |   109 ||   241
Dodge: Dodged            |    73 |    65 |    84 ||   222

Table legend:
 A = Non-vault XP
 B = Vault XP
 C = Vault XP percentage of total XP
 D = Non-vault monster count
 E = Vault monster count
 F = Vault count percentage of total count
                 A         B        C        D         E       F
            +---------+---------+-------+---------+---------+-------
      Total |    1225 |     335 |  21.5 |     120 |      14 |  10.4
            +---------+---------+-------+---------+---------+-------
        D:1 |      55 |       0 |   0.0 |      29 |       0 |   0.0
        D:2 |     301 |      14 |   4.4 |      36 |       2 |   5.3
        D:3 |     182 |     112 |  38.1 |      17 |       3 |  15.0
        D:4 |     383 |       0 |   0.0 |      17 |       0 |   0.0
        D:5 |     302 |     119 |  28.3 |      20 |       8 |  28.6
        D:6 |       2 |      90 |  97.8 |       1 |       1 |  50.0
            +---------+---------+-------+---------+---------+-------
